 Dungeon Crawl Stone Soup version 0.17.0-18-gaab0e96 (console) character file.

43 gw the Cutter (level 3, 0/20 HPs)
             Began as a Vine Stalker Chaos Knight on Nov 12, 2015.
             Slain by a hobgoblin
             ... wielding a +0 club
             ... led by Robin
              (1 damage)
             ... on level 3 of the Dungeon.
             The game lasted 00:01:00 (736 turns).

gw the Cutter (Vine Stalker Chaos Knight)            Turns: 736, Time: 00:01:00

Health: 0/20       AC:  5    Str: 14    XL:     3   Next: 58%
Magic:  0/4        EV: 11    Int: 12    God:    Xom [..*...]
Gold:   68         SH:  0    Dex: 14    Spells: 0 memorised, 2 levels left

rFire  . . .     SeeInvis .     a - +0 short sword (chaos)
rCold  . . .     Clarity  .     b - +2 leather armour
rNeg   . . .     SustAt   .     (no shield)
rPois  .         Gourm    .     (no helmet)
rElec  .         Spirit   +     (no cloak)
rCorr  .         Warding  .     (no gloves)
rMut   .         Stasis   .     (no boots)
MR     .....                    (no amulet)
Stlth  +.........               (no ring)
                                (no ring)

@: not resistant to hostile enchantments, very unstealthy
A: fangs 2, regeneration 1, magic shield, antimagic bite, no device heal 3, rot
immunity
a: Renounce Religion


You were on level 3 of the Dungeon.
You worshipped Xom.
You were a toy of Xom.
You were not hungry.

You visited 1 branch of the dungeon, and saw 3 of its levels.

You collected 68 gold pieces.

Inventory:

Hand Weapons
 a - a +0 short sword of chaos (weapon)
Missiles
 d - 71 stones (quivered)
Armour
 b - a +2 leather armour (worn)
Comestibles
 c - 2 bread rations


   Skills:
 + Level 3.0 Fighting
 * Level 3.2 Short Blades
 + Level 1.0 Throwing
 - Level 1.5 Armour
 + Level 1.4 Dodging


You had 2 spell levels left.
You didn't know any spells.

Dungeon Overview and Level Annotations

Branches:
Dungeon (3/15)

Altars:

Annotations:
D:3 Robin


Innate Abilities, Weirdness & Mutations

You have extremely sharp teeth.
Your natural rate of healing is unusually fast.
When hurt, damage is shared between your health and your magic reserves.
Your bite disrupts and absorbs the magic of your enemies.
Potions and wands cannot restore your health.
You are immune to rotting.


Message History

Unknown command.
Unknown command.
Unknown command.
Unknown command.
ATTACK MOVE TO (1,0)
Your leather armour prevents you from hitting the hobgoblin.
You bite the hobgoblin, but do no damage.
The hobgoblin is heavily wounded.
Robin throws the goblin at you! The hobgoblin closely misses you.
The goblin hits you but does no damage.
Unknown command.
Unknown command.
Unknown command.
Unknown command.
ATTACK MOVE TO (-1,0)
You closely miss the goblin.
Robin roars a battlecry!
The hobgoblin goes into a battle-frenzy!
The hobgoblin hits you with a club.
You die...

#.# ..##.# #.# ..##.#
#.. ..##.# #.# ..##.#
#.. ..##.# #.# .(##.#
#.#
..##.####.##########.###
.>.(...((((....gfgog....
#########.##########.##.
#.# #.# #.# g #.# g #..
###


You could see Robin, an orc, a hobgoblin (frenzied) and a goblin (frenzied).

Table legend:
 A = Turns spent in this place as a percentage of turns spent in the entire game.
 B = Non-inter-level travel turns spent in this place as a percentage of non-inter-level travel turns spent in the entire game.
 C = Inter-level travel turns spent in this place as a percentage of turns spent in this place.
 D = Turns resting spent in this place as a percentage of non-inter-level travel turns spent in this place.
 E = Turns spent auto-exploring this place as a percentage of non-inter-level travel turns spent in this place.
 F = Non-inter-level travel turns spent in this place divided by the number of levels of this place that you've seen.
                   A       B       C       D       E      F
               +-------+-------+-------+-------+-------+----------------------
         Total | 100.0 | 100.0 |   0.1 |   0.8 |   2.6 | 504.0
       Dungeon | 100.0 | 100.0 |   0.1 |   0.8 |   2.6 | 504.0
               +-------+-------+-------+-------+-------+----------------------

Table legend:
 A = Kills in this place as a percentage of kills in entire the game.
 B = Kills by you in this place as a percentage of kills by you in the entire game.
 C = Kills by friends in this place as a percentage of kills by friends in the entire game.
 D = Other kills in this place as a percentage of other kills in the entire game.
 E = Experience gained in this place as a percentage of experience gained in the entire game.
 F = Experience gained in this place divided by the number of levels of this place that you have seen.
                   A       B       C       D       E      F
               +-------+-------+-------+-------+-------+----------------------
         Total | 100.0 | 100.0 | 100.0 |  -nan | 100.0 |  20.7
       Dungeon | 100.0 | 100.0 | 100.0 |  -nan | 100.0 |  20.7
               +-------+-------+-------+-------+-------+----------------------

Vanquished Creatures
  An adder (D:2)
  A worm (D:3)
  A giant gecko (D:1)
  An orc (D:1)
  A bat (D:1)
  6 hobgoblins (D:1)
  A kobold (D:1)
  2 giant cockroaches (D:1)
  5 goblins (D:3)
  A rat (D:1)
20 creatures vanquished.

Vanquished Creatures (collateral kills)
  An adder (D:2)
1 creature vanquished.

Grand Total: 21 creatures vanquished

Notes
Turn   | Place    | Note
--------------------------------------------------------------
     0 | D:1      | gw the Vine Stalker Chaos Knight began the quest for the Orb.
     0 | D:1      | Reached XP level 1. HP: 11/11 MP: 2/2
    22 | D:1      | XOM: silly message
   121 | D:1      | Reached skill level 1 in Dodging
   160 | D:1      | XOM: noise
   166 | D:1      | Reached XP level 2. HP: 14/16 MP: 3/3
   430 | D:1      | XOM: divination: detect creatures
   545 | D:2      | XOM: summons friendly crimson imp
   550 | D:2      | Reached skill level 3 in Short Blades
   550 | D:2      | Reached XP level 3. HP: 11/19 MP: 4/4
   671 | D:2      | You fall through a shaft!
   715 | D:3      | XOM: divination: detect creatures
   716 | D:3      | Noticed Robin
   721 | D:3      | XOM: confusion
   731 | D:3      | Reached skill level 1 in Throwing
   734 | D:3      | HP: 1/20 [hobgoblin/club[Robin] (2)]
   736 | D:3      | Slain by a hobgoblin

Action                   || total
-------------------------++-------
Melee: Short sword       ||    70
Throw: Stone             ||    46

Vault maps used:
D:1:      evilmike_arrival_crescent, minmay_misc_feat_tower
D:2:      gammafunk_temple_overflow_wave, led_sif_pool, marbit_many_paths,
          first_bread
D:3:      amethyst_overflow_temple_binary, minmay_misc_feat_more_columns,
          hangedman_decor_opposing, uniq_robin, uniq_grinder
